 Dungeon Crawl Stone Soup version 0.24-a0-244-ga6a6ab7d13 (webtiles) character file.

Game seed: 16419436081855039004

2422 Minion the Archer (level 9, -3/69 HPs)
             Began as a Gnoll Hunter on Apr 10, 2019.
             Was an Initiate of Yredelemnul.
             Slain by Joseph
             ... wielding a +0 quarterstaff of draining
              (4 damage)
             ... on level 7 of the Dungeon.
             The game lasted 00:24:34 (8402 turns).

Minion the Archer (Gnoll Hunter)                    Turns: 8402, Time: 00:24:36

Health: -3/69      AC:  6    Str: 14    XL:     9   Next: 48%
Magic:  15/15      EV: 12    Int: 14    God:    Yredelemnul [......]
Gold:   288        SH:  0    Dex: 19    Spells: 16/16 levels left

rFire    . . .     SeeInvis .   F - +6 dagger "Punocer" {pain, rElec MR+}
rCold    . . .     Gourm    .   (no shield)
rNeg     . . .     Faith    .   c - +0 leather armour
rPois    .         Spirit   .   (no helmet)
rElec    +         Reflect  .   (no cloak)
rCorr    .         Harm     .   G - +2 pair of gloves
MR       +....                  (no boots)
Stlth    ++........             (no amulet)
HPRegen  0.21/turn              (no ring)
MPRegen  0.14/turn              (no ring)

@: very slightly contaminated, studying Shields, very heavily drained, invisible
A: distributed training, fangs 1, strong nose
a: Renounce Religion


You were on level 7 of the Dungeon.
You worshipped Yredelemnul.
Yredelemnul was noncommittal.
You were not hungry.

You visited 2 branches of the dungeon, and saw 8 of its levels.

You collected 288 gold pieces.

Inventory:

Hand Weapons
 a - a +2 shortbow
 b - a +0 short sword
 l - a +0 hunting sling
 F - the +6 dagger "Punocer" (weapon) {pain, rElec MR+}
   (You found it on level 6 of the Dungeon)

   In the hands of one skilled in necromantic magic, it inflicts extra damage on
   living creatures.
   It insulates you from electricity.
   It affects your resistance to hostile enchantments.
Missiles
 d - 43 arrows
 n - 144 stones (quivered)
Armour
 c - a +0 leather armour (worn)
 G - a +2 pair of gloves (worn)
Wands
 p - a wand of paralysis (5)
 u - a wand of digging (1)
 w - a wand of flame (12)
Scrolls
 k - 5 scrolls of remove curse
 m - 2 scrolls of teleportation
Potions
 h - 3 potions of curing
 i - a potion of cancellation
 q - a potion of haste
 r - a potion of heal wounds {unknown}
 s - 2 potions of might
 x - 2 potions of ambrosia
 z - a potion of invisibility
 A - 2 potions of degeneration {unknown}
 D - a potion of flight {unknown}
 E - 3 potions of agility
Books
 C - a manual of Shields
Comestibles
 f - 5 rations


   Skills:
 + Level 6.3(1.4) Fighting
 + Level 4.2(0.0) Short Blades
 + Level 4.2(0.0) Long Blades
 + Level 4.2(0.0) Axes
 + Level 4.2(0.0) Maces & Flails
 + Level 4.2(0.0) Polearms
 + Level 4.2(0.0) Staves
 + Level 4.2(0.0) Slings
 + Level 9.5(4.2) Bows
 + Level 4.2(0.0) Crossbows
 + Level 4.2(0.0) Throwing
 + Level 4.2(0.0) Armour
 + Level 6.3(1.4) Dodging
 + Level 4.9(0.2) Stealth
 + Level 4.7(0.1) Shields
 + Level 4.2(0.0) Unarmed Combat
 + Level 4.2(0.0) Spellcasting
 + Level 3.4(0.0) Conjurations
 + Level 3.4(0.0) Hexes
 + Level 3.4(0.0) Charms
 + Level 3.4(0.0) Summonings
 + Level 3.4(0.0) Necromancy
 + Level 3.4(0.0) Translocations
 + Level 3.4(0.0) Transmutations
 + Level 3.4(0.0) Fire Magic
 + Level 3.4(0.0) Ice Magic
 + Level 3.4(0.0) Air Magic
 + Level 3.4(0.0) Earth Magic
 + Level 3.4(0.0) Poison Magic
 + Level 4.6(0.0) Invocations
 + Level 4.2(0.0) Evocations


You had 16 spell levels left.
You didn't know any spells.
Your spell library contained the following spells:

 Spells                   Type           Power        Failure   Level  Hunger
 Bolt of Magma            Conj/Fire/Erth #.........   100%        5    ######.
 Iskenderun's Battlesphe  Conj/Chrm      #.......     100%        5    ######.
 Venom Bolt               Conj/Pois      #.........   100%        5    ######.
 Iron Shot                Conj/Erth      #.........   100%        6    #######
 Orb of Destruction       Conj           #.........   100%        7    #######
 Spellforged Servitor     Conj/Summ      #.........   100%        7    #######


Dungeon Overview and Level Annotations

Branches:
Dungeon (7/15)             Temple (1/1) D:6

Altars:
Ashenzari
Cheibriados
Dithmenos
Elyvilon
Fedhas
Gozag
Hepliaklqana
Kikubaaqudgha
Makhleb
Nemelex Xobeh
Okawaru
Qazlal
Ru
Sif Muna
Trog
Uskayaw
Vehumet
Wu Jian
Xom
Yredelemnul
Zin
The Shining One

Shops:
D:6 ?

Annotations:
D:7 Joseph


Innate Abilities, Weirdness & Mutations

Your experience applies equally to all skills.
You have very sharp teeth.
Your uncanny sense of smell can sniff out nearby items.


Message History

* * * LOW HITPOINT WARNING * * *
You feel drained.
You are very lightly contaminated with residual magic.
You barely miss Joseph.
Joseph is heavily wounded.
Joseph misses you.
You closely miss Joseph. Your bite misses Joseph.
Joseph is heavily wounded.
Joseph closely misses you.
You hit Joseph.
Joseph is heavily wounded.
Joseph tries to grin evilly.
Joseph closely misses you.
You hit Joseph.
Joseph is heavily wounded.
Joseph hits you with a +0 quarterstaff of draining!
* * * LOW HITPOINT WARNING * * *
You feel drained.
You die...
Your body rises from the dead as a mindless zombie.

#.......... #.........#
#.........# #........#
#.......# # ## #.......# ###
...#####......# ###..
#...#........#############...#
#.......##.@@†(...(.......###
##....(..############....###
#.........# ###..# #.........#
#..# #....?.....# #..#
#......)....# #..#
............# #..#
#....[.@....# #..#
#...........#


You could see Joseph.

Vanquished Creatures
  Pikel (D:3)
  Grinder (D:3)
  Sigmund (D:3)
  An ice beast (D:6)
  2 slaves (D:3)
  A phantom (D:3)
  A centaur (D:4)
  4 bullfrogs
  2 howler monkeys
  7 wights
  2 electric eels (D:6)
  A crimson imp (D:6)
  3 bullfrog skeletons
  6 hounds
  3 orc wizards
  Ijyb (D:3)
  2 worker ants
  A worker ant zombie (D:5)
  7 gnolls
  4 adders
  2 oozes
  An adder skeleton (D:4)
  A worm (D:4)
  3 leopard geckos
  15 orcs
  6 giant cockroaches
  8 goblins
  7 hobgoblins
  15 jackals
  2 quokkas
  3 ball pythons
  7 bats
  6 frilled lizards
  6 kobolds
  A leopard gecko skeleton (D:4)
  A quokka zombie (D:5)
  13 rats
148 creatures vanquished.

Vanquished Creatures (others)
  An iguana (D:4)
  A jackal (D:6)
2 creatures vanquished.

Grand Total: 150 creatures vanquished

Notes
Turn   | Place    | Note
-------+----------+-------------------------------------------
     0 | D:1      | Minion the Gnoll Hunter began the quest for the Orb.
     0 | D:1      | Reached XP level 1. HP: 20/20 MP: 1/1
    81 | D:1      | Reached XP level 2. HP: 26/26 MP: 2/2
   311 | D:1      | Reached XP level 3. HP: 31/31 MP: 3/3
   844 | D:2      | Reached skill level 1 in Invocations
   884 | D:2      | Reached skill level 1 in Short Blades
   884 | D:2      | Reached skill level 1 in Long Blades
   884 | D:2      | Reached skill level 1 in Axes
   884 | D:2      | Reached skill level 1 in Maces & Flails
   884 | D:2      | Reached skill level 1 in Polearms
   884 | D:2      | Reached skill level 1 in Staves
   884 | D:2      | Reached skill level 1 in Slings
   884 | D:2      | Reached skill level 1 in Crossbows
   884 | D:2      | Reached skill level 1 in Throwing
   884 | D:2      | Reached skill level 1 in Armour
   884 | D:2      | Reached skill level 1 in Shields
   884 | D:2      | Reached skill level 1 in Unarmed Combat
   884 | D:2      | Reached skill level 1 in Spellcasting
   884 | D:2      | Reached skill level 1 in Evocations
   884 | D:2      | Reached XP level 4. HP: 33/38 MP: 5/5
  1088 | D:2      | Reached skill level 1 in Conjurations
  1088 | D:2      | Reached skill level 1 in Hexes
  1088 | D:2      | Reached skill level 1 in Charms
  1088 | D:2      | Reached skill level 1 in Summonings
  1088 | D:2      | Reached skill level 1 in Necromancy
  1088 | D:2      | Reached skill level 1 in Translocations
  1088 | D:2      | Reached skill level 1 in Transmutations
  1088 | D:2      | Reached skill level 1 in Fire Magic
  1088 | D:2      | Reached skill level 1 in Ice Magic
  1088 | D:2      | Reached skill level 1 in Air Magic
  1088 | D:2      | Reached skill level 1 in Earth Magic
  1088 | D:2      | Reached skill level 1 in Poison Magic
  1614 | D:2      | Reached XP level 5. HP: 43/43 MP: 6/6
  2005 | D:3      | Noticed Sigmund
  2013 | D:3      | Killed Sigmund
  2013 | D:3      | Reached XP level 6. HP: 50/50 MP: 8/8
  2036 | D:3      | Reached skill level 5 in Fighting
  2036 | D:3      | Reached skill level 5 in Dodging
  2074 | D:3      | Noticed Ijyb
  2090 | D:3      | Killed Ijyb
  2269 | D:3      | Found a radiant altar of Vehumet.
  2385 | D:3      | Noticed Grinder
  2387 | D:3      | Paralysed by Grinder for 2 turns
  2397 | D:3      | Paralysed by Grinder for 3 turns
  2402 | D:3      | Killed Grinder
  2402 | D:3      | Reached XP level 7. HP: 19/56 MP: 10/10
  3138 | D:3      | Reached skill level 9 in Bows
  3708 | D:4      | Noticed Pikel
  3746 | D:3      | Killed Pikel
  3746 | D:3      | Reached XP level 8. HP: 40/64 MP: 12/12
  4041 | D:4      | Found a blossoming altar of Fedhas.
  4300 | D:4      | Found a deep blue altar of Sif Muna.
  4483 | D:5      | Entered Level 5 of the Dungeon
  5319 | D:6      | Reached XP level 9. HP: 69/69 MP: 14/14
  5328 | D:6      | Found a radiant altar of Vehumet.
  5340 | D:6      | Found Benank's Magic Scroll Emporium.
  5434 | D:6      | Found a staircase to the Ecumenical Temple.
  5450 | D:6      | Found Zugog's Antique Weapon Shop.
  6123 | Temple   | Entered the Ecumenical Temple
  6909 | D:6      | Got a brightly glowing dagger
  6913 | D:6      | Identified the +6 dagger "Punocer" {pain, rElec MR+} (You
                  | found it on level 6 of the Dungeon)
  7877 | D:6      | Found an iron altar of Okawaru.
  7877 | D:6      | Found a hide-covered altar of Uskayaw.
  7877 | D:6      | Found a basalt altar of Yredelemnul.
  7877 | D:6      | Found a burning altar of Makhleb.
  8145 | D:6      | Found a snail-covered altar of Cheibriados.
  8145 | D:6      | Found a shadowy altar of Dithmenos.
  8162 | D:6      | Became a worshipper of Yredelemnul the Dark
  8370 | D:7      | Noticed Joseph
  8402 | D:7      | HP: 1/69 [Joseph/+0 quarterstaff of draining (9)]
  8402 | D:7      | Slain by Joseph

Levels and vault maps discovered:
D:1:      dpeg_arrival_chase, layout_basic
D:2:      layout_rooms, chequers_decorated_corner, minmay_tetromino_i2
D:3:      layout_basic, fiery_altar_vehumet, first_ration, kennysheep_potato,
          uniq_sigmund, uniq_ijyb, uniq_grinder
D:4:      layout_cave_pools, led_sif_book, fedhas_altar_3, uniq_pikel
D:5:      layout_cave_pools, minmay_manual_macuahuitl
D:6:      layout_cave_pools, minmay_overflow_temple_hex,
          minmay_temple_entry_steel_oval, serial_shops, kennysheep_mini,
          kennysheep_mini_moat, kennysheep_cross_room, vehumet_altar_wand_db
D:7:      layout_cave_pods, uniq_prince_ribbit1, uniq_menkaure, uniq_joseph
Temple:   dpeg_chambers_temple

Skill      XL: |  1  2  3  4  5  6  7  8  9 |
---------------+----------------------------+-----
Invocations    | 1 2 3 4 |  4.6
Short Blades   | 1 2 3 4 |  4.2
Long Blades    | 1 2 3 4 |  4.2
Axes           | 1 2 3 4 |  4.2
Maces & Flails | 1 2 3 4 |  4.2
Polearms       | 1 2 3 4 |  4.2
Staves         | 1 2 3 4 |  4.2
Slings         | 1 2 3 4 |  4.2
Crossbows      | 1 2 3 4 |  4.2
Throwing       | 1 2 3 4 |  4.2
Armour         | 1 2 3 4 |  4.2
Shields        | 1 2 3 4 |  4.7
Unarmed Combat | 1 2 3 4 |  4.2
Spellcasting   | 1 2 3 4 |  4.2
Evocations     | 1 2 3 4 |  4.2
Conjurations   | 1 2 3 |  3.4
Hexes          | 1 2 3 |  3.4
Charms         | 1 2 3 |  3.4
Summonings     | 1 2 3 |  3.4
Necromancy     | 1 2 3 |  3.4
Translocations | 1 2 3 |  3.4
Transmutations | 1 2 3 |  3.4
Fire Magic     | 1 2 3 |  3.4
Ice Magic      | 1 2 3 |  3.4
Air Magic      | 1 2 3 |  3.4
Earth Magic    | 1 2 3 |  3.4
Poison Magic   | 1 2 3 |  3.4
Stealth        | 3 4 |  4.9
Fighting       | 5 6 |  6.3
Dodging        | 5 6 |  6.3
Bows           | 9 |  9.5

Action                   |  1- 3 |  4- 6 |  7- 9 || total
-------------------------+-------+-------+-------++-------
Melee: Scythe            |       |    26 |    40 ||    66
       Bite              |       |     5 |    15 ||    20
       Dagger            |       |       |    99 ||    99
       Punch             |       |       |     1 ||     1
 Fire: Shortbow          |    79 |   112 |   298 ||   489
Throw: Stone             |       |       |    20 ||    20
Evoke: Wand              |       |       |     3 ||     3
  Use: Scroll            |       |       |    14 ||    14
       Potion            |       |       |     1 ||     1
 Stab: Paralysed         |       |       |    10 ||    10
       Sleeping          |       |       |     2 ||     2
  Eat: Chunk             |       |     4 |     4 ||     8
       Ration            |       |       |     5 ||     5
Armor: Leather armour    |     3 |    12 |    44 ||    59
Dodge: Dodged            |     5 |    63 |   160 ||   228

Table legend:
 A = Non-vault XP
 B = Vault XP
 C = Vault XP percentage of total XP
 D = Non-vault monster count
 E = Vault monster count
 F = Vault count percentage of total count
                 A         B        C        D         E       F
            +---------+---------+-------+---------+---------+-------
      Total |    2129 |    1331 |  38.5 |     133 |      14 |   9.5
            +---------+---------+-------+---------+---------+-------
        D:1 |      46 |       0 |   0.0 |      26 |       0 |   0.0
        D:2 |     106 |       3 |   2.8 |      23 |       2 |   8.0
        D:3 |     339 |    1152 |  77.3 |      31 |       5 |  13.9
        D:4 |     294 |      76 |  20.5 |      15 |       2 |  11.8
        D:5 |     156 |      98 |  38.6 |      12 |       4 |  25.0
        D:6 |     925 |       2 |   0.2 |      22 |       1 |   4.3
        D:7 |     204 |       0 |   0.0 |       3 |       0 |   0.0
     Temple |      59 |       0 |   0.0 |       1 |       0 |   0.0
            +---------+---------+-------+---------+---------+-------
